 Dungeon Crawl Stone Soup version 0.30-a0-1160-g6e42c06551 (webtiles) character file.

Game seed: 9016730304532735925

2596 voltaire321 the Sneak (level 9, -6/58 HPs)
             Began as an Octopode Hedge Wizard on Apr 25, 2023.
             Was a Follower of Sif Muna.
             Mangled by an orc knight
             ... wielding a +0 halberd
              (11 damage)
             ... in a bailey.
             The game lasted 00:30:43 (7306 turns).

voltaire321 the Sneak (Octopode Hedge Wizard)       Turns: 7306, Time: 00:30:44

Health: -6/58      AC:  5    Str: 12    XL:     9   Next: 59%
Magic:  12/16      EV: 14    Int: 18    God:    Sif Muna [*.....]
Gold:   157        SH:  0    Dex: 12    Spells: 4/18 levels left

rFire   + . .        D - +6 flail of Truth {heavy, rElec rN++ Str+3 Int-2}
rCold   . . .        (no shield)
rNeg    + + +        b - +0 hat
rPois   .            A - amulet of regeneration
rElec   +            d - ring of protection from fire
rCorr   +            v - ring of resist corrosion
SInv    .            y - +4 ring of protection
Will    .....        H - ring of positive energy
Stlth   ++++         (no ring)
HPRegen 1.09/turn    (no ring)
MPRegen 0.15/turn    (no ring)
                     (no ring)

%: no passive effects
@: no status effects
A: almost no armour, amphibious, 8 rings, camouflage 1, gelatinous body 1,
(nimble swimmer 1), tentacles
a: Renounce Religion, Channel Magic


You were in a bailey.
You worshipped Sif Muna.
Sif Muna was aware of your devotion.
You visited 2 branches of the dungeon, and saw 8 of its levels.
You also visited: Sewer and Bailey.

You collected 444 gold pieces.
You spent 287 gold pieces at shops.

Inventory:

Hand Weapons
 t - a +0 dagger of venom
 w - a +4 dagger of venom
 C - the +8 short sword "Beiniab" {flame, *Rage Int+4}
   (You bought it in a shop on level 5 of the Dungeon)

   Int:       It affects your intelligence (+4).
   *Rage:     It berserks you when you make melee attacks (+20% chance).
 D - the +6 flail of Truth (weapon) {heavy, rElec rN++ Str+3 Int-2}
   (You found it on level 5 of the Dungeon)

   Str:       It affects your strength (+3).
   Int:       It affects your intelligence (-2).
   rElec:     It insulates you from electricity.
   rN:        It greatly protects you from negative energy.
Armour
 b - a +0 hat (worn)
Jewellery
 d - a ring of protection from fire (left tentacle)
 v - a ring of resist corrosion (right tentacle)
 y - a +4 ring of protection (on tentacle)
 A - an amulet of regeneration (around mantle)
 E - an amulet of guardian spirit
 H - a ring of positive energy (on tentacle)
Wands
 r - a wand of mindburst (6)
 x - a wand of iceblast (5)
 I - a wand of flame (26)
Scrolls
 e - 3 scrolls of amnesia {unknown}
 f - a scroll of immolation {unknown}
 h - 2 scrolls of poison
 m - 2 scrolls of noise
 o - 2 scrolls of fog {unknown}
 s - 4 scrolls of teleportation
 F - a scroll of enchant armour {unknown}
 G - a scroll of identify
Potions
 a - 5 potions of flight
 c - a potion of magic
 g - 3 potions of berserk rage
 i - a potion of attraction
 j - 2 potions of curing
 k - a potion of might {unknown}
 l - a potion of cancellation
 n - 4 potions of haste
 p - a potion of ambrosia
 u - 3 potions of mutation
 z - a potion of experience {unknown}
 B - a potion of brilliance


   Skills:
 + Level 4.3 Fighting
 + Level 4.9 Dodging
 + Level 7.1 Stealth
 + Level 5.1 Spellcasting
 + Level 4.4 Conjurations
 * Level 5.7 Summonings
 + Level 4.5 Translocations
 + Level 1.6 Invocations


You had 4 spell levels left.
You knew the following spells:

 Your Spells              Type           Power      Damage    Failure   Level
a - Magic Dart            Conj           80%        1d7       1%          1
b - Call Imp              Summ           50%        N/A       1%          2
c - Blink                 Tloc           42%        N/A       3%          2
d - Malign Gateway        Summ/Tloc      11%        N/A       100%        7
e - Momentum Strike       Conj/Tloc      40%        3d9       3%          2

Your spell library contained the following spells:

 Spells                   Type           Power      Damage    Failure   Level
 Lesser Beckoning         Tloc           42%        N/A       3%          2
 Freeze                   Ice            16%        1d4       13%         1
 Slow                     Hex            16%        N/A       13%         1
 Hailstorm                Conj/Ice       12%        3d5       16%         3
 Cigotuvi's Dreadful Rot  Necr/Pois/Air  8%         N/A       21%         2
 Mephitic Cloud           Conj/Pois/Air  9%         N/A       22%         3
 Frozen Ramparts          Ice            8%         1d2       36%         3
 Summon Lightning Spire   Summ/Air       14%        N/A       38%         4
 Storm Form               Tmut/Air       2%         N/A       100%        7
 Maxwell's Capacitive Co  Air            2%         ∞         100%        8
 Summon Horrible Things   Summ           12%        N/A       100%        8


Dungeon Overview and Level Annotations

Branches:
Dungeon (7/15)             Temple (1/1) D:5           Sewer (visited)
 Bailey (1/1)

Altars:
Ashenzari
Dithmenos
Elyvilon
Fedhas
Gozag
Hepliaklqana
Kikubaaqudgha
Makhleb
Nemelex Xobeh
Okawaru
Qazlal
Ru
Sif Muna
Trog
Uskayaw
Vehumet
Wu Jian
Xom
Yredelemnul
Zin
The Shining One

Shops:
D:1 *   D:5 =?(*(

Annotations:
D:5 2 transporters, Menkaure


Innate Abilities, Weirdness & Mutations

You cannot wear most types of armour.
You are amphibious.
You can wear up to eight rings at the same time.
Your skin changes colour to match your surroundings (Stealth+).
Your rubbery body absorbs attacks. (AC +1, EV +1)
((You are camouflaged when in or above water. (Stealth+)))
You have tentacles for arms and can constrict up to eight enemies at once.


Message History

Your cerulean imp hits the orc knight from afar with a -2 spear.
There is an open door here.
The orc knight hits you with a +0 halberd.
Your cerulean imp barely misses the orc knight.
You closely miss the orc knight. Your grab misses the orc knight.
The orc knight is lightly wounded.
The orc knight closely misses you.
Your cerulean imp misses the orc knight.
The orc knight misses you.
Your cerulean imp barely misses the orc knight.
You sock the orc knight! You grab the orc knight.
The orc knight is moderately wounded.
You constrict the orc knight!
The orc knight hits you with a +0 halberd!!
Your cerulean imp hits the orc knight but does no damage.
The orc knight closely misses you.
Your cerulean imp hits the orc knight but does no damage.
The orc knight hits your cerulean imp from afar with a +0 halberd!
Your cerulean imp dies!
Your cerulean imp disappears in a puff of smoke!
Casting: Call Imp (safe; 1% risk of failure)
Confirm with . or Enter, or press ? or * to list all spells.
Okay, then.
The orc knight shouts!
You sock the orc knight!
The orc knight is severely wounded.
You constrict the orc knight.
The orc knight hits you with a +0 halberd! x2
* * * LOW HITPOINT WARNING * * *
Casting: Call Imp (safe; 1% risk of failure)
Confirm with . or Enter, or press ? or * to list all spells.
A tiny devil pulls itself out of the air.
You constrict the orc knight. The orc knight barely misses you.
Casting: Call Imp (safe; 1% risk of failure)
Confirm with . or Enter, or press ? or * to list all spells.
A tiny devil pulls itself out of the air.
You constrict the orc knight.
Your cerulean imp disappears in a puff of smoke!
The orc knight hits you with a +0 halberd!
You die...

### ### #####
#.###)###)'.#
##'##'##'###'#
##.....## #!.
###.....### .!g!
#)'..⌠.5§)# .⌠.!+
###.....### !g!.#
##..o@.## !.!#
##'##'##'# #+ +##+
#)###)###.#g# #'# ###
##### ### ###
#)###.###)#.###.###)#
##'##'##'###'##'##'##
##.....## ##.....##
###.....#####.....###
#)'..⌠..')#)'..∩..')#


You could see an orc knight (ally target) and a friendly cerulean imp
(summoned).

Vanquished Creatures
  Eustachio (D:4)
  A water moccasin (D:6)
  2 ice beasts
  A black bear (D:6)
  3 ogres
  A kobold brigand (D:5)
  2 bullfrogs (D:7)
  A scorpion (D:5)
  3 jellies
  5 hounds
  A gnoll bouda (D:5)
  5 orc priests
  A sleepcap (D:5)
  5 iguanas
  7 orc wizards
  Natasha (thrice) (D:4)
  14 gnolls
  9 adders
  3 river rats (Sewer)
  A white imp (D:7)
  2 ufetubi (D:6)
  5 worms
  5 dart slugs
  21 orcs
  10 ball pythons
  14 bats
  10 endoplasms
  7 giant cockroaches
  13 hobgoblins
  A jackal (Sewer)
  7 quokkas
  3 frilled lizards
  8 goblins
  6 kobolds
  7 rats
188 creatures vanquished.

Vanquished Creatures (collateral kills)
  A black bear (D:5)
  An ice beast (D:6)
  A jelly (D:5)
  A sleepcap (D:5)
  An iguana (D:4)
  An orc wizard (D:6)
  4 gnolls
  A river rat (Sewer)
  An orc (D:6)
  2 goblins (D:7)
  A kobold (D:5)
15 creatures vanquished.

Grand Total: 203 creatures vanquished

Notes
Turn   | Place    | Note
-------+----------+-------------------------------------------
     0 | D:1      | voltaire321 the Octopode Hedge Wizard began the quest for
                  | the Orb.
     0 | D:1      | Reached XP level 1. HP: 11/11 MP: 4/4
   154 | D:1      | Reached skill level 3 in Stealth
   154 | D:1      | Reached XP level 2. HP: 10/18 MP: 0/6
   332 | D:1      | Learned a level 2 spell: Call Imp
   335 | D:1      | Learned a level 2 spell: Blink
   631 | D:1      | Found Jizac's Assorted Antiques.
   791 | D:1      | Reached XP level 3. HP: 22/22 MP: 7/7
  1117 | D:2      | Found a faded altar of an unknown god.
  1353 | D:2      | Reached skill level 1 in Fighting
  1430 | D:2      | Reached XP level 4. HP: 28/28 MP: 2/8
  2609 | D:3      | Reached XP level 5. HP: 25/33 MP: 3/10
  2638 | D:3      | Reached skill level 4 in Stealth
  2727 | D:3      | Found a sparkling altar of Nemelex Xobeh.
  2875 | D:3      | Found a glowing silver altar of Zin.
  3164 | D:4      | Found an opulent altar of Gozag.
  3307 | D:4      | Found a glowing drain.
  3330 | Sewer    | Entered a sewer
  3748 | Sewer    | Reached XP level 6. HP: 39/39 MP: 8/11
  4009 | D:4      | Found a stormy altar of Qazlal.
  4331 | D:4      | Noticed Natasha
  4337 | D:4      | Killed Natasha
  4500 | D:4      | Noticed Natasha
  4505 | D:4      | Killed Natasha
  4770 | D:4      | Noticed Natasha
  4775 | D:4      | Killed Natasha
  4776 | D:4      | Reached XP level 7. HP: 37/45 MP: 12/12
  4918 | D:4      | Found an ornate altar of the Wu Jian Council.
  4948 | D:4      | Noticed Eustachio
  4957 | D:4      | Killed Eustachio
  4958 | D:4      | Reached skill level 5 in Stealth
  5061 | D:4      | Found a broken altar of Ashenzari.
  5132 | D:4      | Learned a level 7 spell: Malign Gateway
  5135 | D:4      | Learned a level 2 spell: Momentum Strike
  5136 | D:5      | Entered Level 5 of the Dungeon
  5153 | D:5      | Found a transporter.
  5156 | D:5      | Found a transporter.
  5168 | D:5      | Noticed a vampire
  5169 | D:5      | Found a basalt altar of Yredelemnul.
  5173 | D:5      | Noticed Menkaure
  5179 | D:5      | Found an ancient bone altar of Kikubaaqudgha.
  5181 | D:5      | Noticed a wraith
  5240 | D:5      | Found a staircase to the Ecumenical Temple.
  5260 | D:5      | Reached XP level 8. HP: 37/51 MP: 11/14
  5365 | Temple   | Entered the Ecumenical Temple
  5409 | D:5      | Found Gudollon's Magic Scroll Emporium.
  5420 | D:5      | Found Osmedya's Antique Weapon Boutique.
  5453 | D:5      | Bought a scroll of identify for 22 gold pieces
  5453 | D:5      | Bought a scroll of teleportation for 33 gold pieces
  5456 | D:5      | Found Puloimib's Assorted Antiques.
  5460 | D:5      | Bought a translucent short sword for 232 gold pieces
  5460 | D:5      | Identified the +8 short sword "Beiniab" {flame, *Rage
                  | Int+4} (You bought it in a shop on level 5 of the Dungeon)
  5462 | D:5      | Found Didis's Weapon Shop.
  5467 | D:5      | Identified the +6 flail of Truth {heavy, rElec rN++ Str+3
                  | Int-2}
  5576 | D:5      | Reached skill level 6 in Stealth
  5626 | D:5      | Found Xuuhiupn's Jewellery Shoppe.
  5872 | D:6      | Found an iron altar of Okawaru.
  6128 | D:6      | Reached skill level 5 in Summonings
  6128 | D:6      | Reached XP level 9. HP: 58/58 MP: 16/16
  6136 | D:6      | Found a shimmering blue altar of Sif Muna.
  6136 | D:6      | Found a shadowy altar of Dithmenos.
  6137 | D:6      | Found a blossoming altar of Fedhas.
  6176 | D:6      | Became a worshipper of Sif Muna the Loreminder
  6392 | D:6      | Reached skill level 1 in Invocations
  6850 | D:7      | Reached skill level 5 in Spellcasting
  6889 | D:7      | Reached * piety under Sif Muna
  7016 | D:7      | Found a flagged portal.
  7023 | D:7      | Reached skill level 7 in Stealth
  7061 | Bailey   | Entered a bailey
  7220 | Bailey   | Noticed an orc knight
  7304 | Bailey   | HP: 2/58 [orc knight/+0 halberd (16)]
  7306 | Bailey   | Mangled by an orc knight

Illustrated notes

Levels and vault maps discovered:
D:1:      dpeg_arrival_windows_large_door, layout_basic, serial_shops, shop
D:2:      layout_loops_ring, ebering_ecumenical_altar_webs, grunt_ministairs_2
D:3:      layout_basic, mainiacjoe_overflow_boulevard, zin_treasury,
          kennysheep_path_1, minmay_misc_feat_five
D:4:      layout_loops_ring, nicolae_qazlal_eye_of_the_storm,
          overflow_temple_1_default, grunt_gozag_breadcrumbs, marbit_many_paths,
          cheibrodos_sewer_entry_bend, uniq_eustachio, uniq_natasha
D:5:      layout_rooms, gammafunk_temple_of_torment,
          minmay_temple_entry_antechambers, serial_shops, shop, shop, shop,
          nicolae_shop_gaudy_bauble, shop
D:6:      layout_basic, okawaru_metal_pillars_3,
          chequers_temple_overflow_statue_of_worship
D:7:      layout_basic, enter_bailey_4
Temple:   nicolae_temple_ecumenical_triangle
Bailey:   bailey_polearm_nasty_gnolls, bailey

Skill      XL: |  1  2  3  4  5  6  7  8  9 |
---------------+----------------------------+-----
Stealth        | 3 4 5 6 7 |  7.1
Fighting       | 1 2 3 4 |  4.3
Summonings     | 2 3 5 |  5.7
Conjurations   | 2 3 4 |  4.4
Translocations | 2 3 4 |  4.5
Dodging        | 3 4 |  4.9
Spellcasting   | 4 5 |  5.1
Invocations    | 1 |  1.6

Action                     |  1- 3 |  4- 6 |  7- 9 || total
---------------------------+-------+-------+-------++-------
  Melee: Dagger            |    41 |   120 |   133 ||   294
         Constrict         |    11 |    40 |    40 ||    91
         Tentacles         |     6 |    26 |    49 ||    81
         Punch             |       |     1 |     5 ||     6
         Flail             |       |       |    65 ||    65
   Cast: Magic Dart        |    59 |    69 |    13 ||   141
         Call Imp          |       |    14 |    18 ||    32
         Momentum Strike   |       |       |     1 ||     1
         Blink             |       |       |     2 ||     2
    Use: Scroll            |       |       |    11 ||    11
         Potion            |       |       |     1 ||     1
   Stab: Sleeping          |     5 |     8 |    26 ||    39
         Distracted        |       |     1 |       ||     1
 Armour: Skin              |     3 |    13 |    42 ||    58
  Dodge: Dodged            |    27 |    81 |   187 ||   295

Table legend: (Time is in decaauts)
 A = Elapsed time spent in this place.
 B = Non-inter-level travel time spent in this place.
 C = Inter-level travel time spent in this place.
 D = Time resting spent in this place.
 E = Time spent auto-exploring this place.
 F = Levels seen in this place.
 G = Mean time per level.
                   A        B        C        D        E       F      G
               +--------+--------+--------+--------+--------+-----+--------+
         Total |   7371 |   7149 |    222 |   1381 |   3530 |  10 |  737.1 |
       Dungeon |   6412 |   6190 |    222 |   1228 |   3262 |   7 |  916.0 |
        Temple |     36 |     36 |      0 |      0 |      0 |   1 |   36.0 |
         Sewer |    649 |    649 |      0 |    153 |    256 |   1 |  649.0 |
        Bailey |    272 |    272 |      0 |      0 |     12 |   1 |  272.0 |
               +--------+--------+--------+--------+--------+-----+--------+

Top non-repeatable levels by time:
     D:4: 1344 daAuts
     D:2: 1152 daAuts
     D:1: 1095 daAuts
     D:6: 988 daAuts
     D:3: 889 daAuts
     D:5: 697 daAuts
   Sewer: 649 daAuts
  Bailey: 272 daAuts
     D:7: 244 daAuts
  Temple: 36 daAuts
